AoeStats
← EdibleHat

Scandinavia

510640550Analyzed
1v1 RM · 1d ago on Oct 1, 2026· 63m 32s· 2 players
Game mode
Random Map
Map size
Tiny (2 player)
Population
200
Speed
Normal
Resources
Standard
Victory
Conquest
Starting age
Dark Age
Ending age
Imperial Age
RankedLock teamsTeams togetherTeam positionsShared explorationLock speedFull tech treeHidden civsTurbo modeCheats
Victory
Defeat
🇧🇷 Japanese · Brazil
949
+17
🇬🇧 Berbers · United Kingdom
968
-17
Capybara-Master
9:16 Loom
11:34 Feudal Age
11:50 Man-at-Arms
12:16 Double-Bit Axe
21:47 Horse Collar
23:13 Fletching
31:00 Castle Age
29:58 Bloodlines
31:26 Forging
31:18 Arson
31:53 Pikeman
32:34 Squires
33:42 Husbandry
33:48 Scale Barding Armor
34:17 Bow Saw
35:18 Chain Barding Armor
54:09 Gold Mining
59:03 Imperial Age
57:10 Wheelbarrow
56:21 Town Watch
56:38 Heavy Plow
57:20 Gold Shaft Mining
57:57 Iron Casting
57:18 Bodkin Arrow
58:23 Ballistics
57:54 Guard Tower
58:16 Fortified Wall
60:16 Padded Archer Armor
60:17 Bracer
59:44 Cavalier
59:46 Light Cavalry
61:44 Chemistry
61:21 Keep
61:27 Leather Archer Armor
62:13 Blast Furnace
61:33 Halberdier
62:36 Capped Ram
EdibleHat
4:12 Loom
12:07 Feudal Age
15:28 Town Watch
15:57 Double-Bit Axe
20:06 Padded Archer Armor
19:56 Fletching
21:44 Forging
32:20 Castle Age
31:29 Scale Barding Armor
32:39 Bloodlines
42:22 Bodkin Arrow
42:49 Husbandry
43:12 Bow Saw
47:57 Horse Collar
47:57 Light Cavalry
49:17 Heavy Plow
56:27 Imperial Age
56:01 Thumb Ring
57:00 Wheelbarrow
57:40 Bodkin Arrow
60:03 Elite Skirmisher
61:28 Wheelbarrow
63:41 Bracer
Connection lost

Rejoining the realm…

Still unreachable

The connection could not be restored.

Session expired

The server has moved on; the page needs a fresh start.